 Dungeon Crawl Stone Soup version 0.26-a0-996-g6b303dbc09 (webtiles) character file.

Game seed: 9750862358298285437

29220 Morbidden the Harbinger of Death (level 13, -9/115 HPs)
             Began as a Demonspawn Fighter on Dec 6, 2020.
             Was a High Priest of Yredelemnul.
             Killed from afar by a fire dragon (33 damage)
             ... with a blast of flame
             ... on level 15 of the Dungeon.
             The game lasted 00:34:24 (16915 turns).

Morbidden the Harbinger of Death (DsFi)            Turns: 16915, Time: 00:34:25

Health: -9/115     AC: 22    Str: 25 (27) XL:     13   Next: 14%
Magic:  0/24       EV: 13    Int: 10 (14) God:    Yredelemnul [*****.]
Gold:   1188       SH:  0    Dex: 17      Spells: 27/27 levels left

rFire    . . .     SeeInvis .   S - +3 demon whip (elec)
rCold    . . .     Faith    .   c - +0 kite shield
rNeg     . . .     Spirit   +   l - +7 scale mail of the Dwarven Hall {*Contam Str+5}
rPois    .         Reflect  .   v - +0 helmet
rElec    .         Harm     .   f - +0 cloak
rCorr    .         Rampage  .   i - +0 pair of gloves {Dex+3}
MR       .....                  g - +0 pair of boots
Stlth    ..........             M - amulet of regeneration
HPRegen  0.69/turn              F - +6 ring of strength
MPRegen  0.38/turn              (no ring)

@: confused
A: talons 1, rugged brown scales 2, deterioration 1, powered by death 2, robust
1, magic shield, magic regeneration
a: Recall Undead Slaves, Injury Mirror, Animate Dead, Drain Life, Enslave Soul,
Renounce Religion


You were on level 15 of the Dungeon.
You worshipped Yredelemnul.
Yredelemnul was extremely pleased with you.
You visited 2 branches of the dungeon, and saw 16 of its levels.
You also visited: Bailey.

You collected 1188 gold pieces.

Inventory:

Hand Weapons
 S - a +3 demon whip of electrocution (weapon)
Missiles
 r - 4 throwing nets (quivered)
 x - 2 atropa-tipped darts
 y - 33 poisoned darts
 O - 5 curare-tipped darts
Armour
 c - a +0 kite shield (worn)
 f - a +0 cloak (worn)
 g - a +0 pair of boots (worn)
 i - a +0 pair of gloves of dexterity (worn)
 l - the +7 scale mail of the Dwarven Hall (worn) {*Contam Str+5}
   (You found it in a bailey)

   It affects your strength (+5).
   It causes magical contamination when unequipped.
 v - a +0 helmet (worn)
 D - the +3 fire dragon scales of the Stars {rF++ rC- Str+2 SInv}
   (You found it in a bailey)

   It affects your strength (+2).
   It greatly protects you from fire.
   It makes you vulnerable to cold.
   It lets you see invisible.
Jewellery
 F - a +6 ring of strength (left hand)
 M - an amulet of regeneration (around neck)
Wands
 b - a wand of paralysis (5)
 u - a wand of flame (51)
 z - a wand of acid (6)
 E - a wand of random effects (50)
 I - a wand of disintegration (8)
Scrolls
 e - 7 scrolls of remove curse
 j - 3 scrolls of fear
 n - 3 scrolls of amnesia
 o - 2 scrolls of fog
 t - 3 scrolls of blinking
 w - 6 scrolls of identify
 J - 3 scrolls of teleportation
 K - a scroll of enchant armour {unknown}
 R - a scroll of noise {unknown}
Potions
 a - 2 potions of attraction
 h - 4 potions of curing
 k - 4 potions of brilliance
 q - a potion of heal wounds
 s - a potion of might
 B - a potion of ambrosia
 H - 3 potions of lignification
 P - a potion of cancellation {unknown}
Miscellaneous
 d - a lightning rod (4/4)
 N - a box of beasts


   Skills:
 * Level 8.8 Fighting
 + Level 3.4(5.1) Short Blades
 + Level 5.9(6.4) Long Blades
 + Level 5.4 Maces & Flails
 + Level 7.2 Armour
 * Level 7.0 Dodging
 + Level 1.7 Stealth
 + Level 7.7 Shields
 * Level 7.7 Spellcasting
 * Level 6.6 Transmutations
 * Level 9.1 Invocations
 + Level 1.2 Evocations


You had 27 spell levels left.
You didn't know any spells.
Your spell library contained the following spells:

 Spells                   Type           Power        Failure   Level
 Beastly Appendage        Tmut           ###...       6%          1
 Wereblood                Tmut           ###.....     10%         2
 Spider Form              Tmut/Pois      ##........   58%         3
 Animate Skeleton         Necr           #.....       67%         1
 Apportation              Tloc           #.....       67%         1
 Corona                   Hex            #......      67%         1
 Foxfire                  Conj/Fire      #...         67%         1
 Summon Small Mammal      Summ           #...         67%         1
 Call Imp                 Summ           #.......     82%         2
 Ensorcelled Hibernation  Hex/Ice        #.....       82%         2
 Slow                     Hex            #.......     82%         2
 Blade Hands              Tmut           ###.......   87%         5
 Ice Form                 Ice/Tmut       ##......     94%         4
 Call Canine Familiar     Summ           #.......     96%         3
 Confusing Touch          Hex            #.......     96%         3
 Conjure Flame            Conj/Fire      #.......     96%         3
 Dazzling Flash           Conj/Hex       #.....       96%         3
 Inner Flame              Hex/Fire       #.......     96%         3
 Portal Projectile        Hex/Tloc       #.....       96%         3
 Summon Guardian Golem    Hex/Summ       #.......     96%         3
 Tukima's Dance           Hex            #.......     96%         3
 Cause Fear               Hex            #.........   100%        4
 Leda's Liquefaction      Hex/Erth       #.........   100%        4
 Sticky Flame             Conj/Fire      #.......     100%        4
 Summon Ice Beast         Ice/Summ       #.......     100%        4
 Summon Lightning Spire   Summ/Air       #.......     100%        4
 Fireball                 Conj/Fire      #.........   100%        5


Dungeon Overview and Level Annotations

Branches:
Dungeon (15/15)            Temple (1/1) D:6            Lair (0/6) D:11
    Orc (0/2) D:12         Vaults (0/5) D:14         Depths (0/5) D:15
 Bailey (visited)

Altars:
Ashenzari
Cheibriados
Dithmenos
Elyvilon
Fedhas
Gozag
Hepliaklqana
Kikubaaqudgha
Makhleb
Nemelex Xobeh
Okawaru
Qazlal
Ru
Sif Muna
Trog
Uskayaw
Vehumet
Wu Jian
Xom
Yredelemnul
Zin
The Shining One

Shops:
D:11 [   D:12 :

Portals:
Trove: D:14 (give +2 gold dragon scales)

Annotations:
D:5 1 runed translucent door, Crazy Yiuf
D:13 1 runed translucent door, EiAlmux's ghost, journeyman TeCj


Innate Abilities, Weirdness & Mutations

You have sharp toenails.
You are mostly covered in rugged brown scales. (AC +2, +5% HP)
You regenerate health from kills.
When hurt, damage is shared between your health and your magic reserves.
You regenerate magic rapidly.
Your body sometimes deteriorates upon taking damage.
You are robust. (+10% HP)


Message History

Okay, then.
The fire dragon closely misses you. x2
The fire dragon tramples you but does no damage.
Found a staircase to the Depths.
You are confused.
You feel invigorated. The fire dragon barely misses you.
The fire dragon closely misses you. x3
The fire dragon claws you but does no damage.
The fire dragon barely misses you.
Unknown command.
Unknown command.
You whack the fire dragon!
The fire dragon is moderately wounded.
The fire dragon breathes flames at you. The blast of flame hits you!!
* * * LOW HITPOINT WARNING * * *
The fire dragon breathes flames at you. The blast of flame hits you!!!
You die...
Your body rises from the dead as a mindless zombie.

###### ##$$$$.## ....
#......@##### .......
+....#>.#####DD...## ........
#....##.......##...##........
#.....##$$$$.###.8..##.......
#......########......#......
#...?. .............#
#...######+###...........#
####...#........#...........#
.......#........#.#######...#


You could see 2 fire dragons.

Vanquished Creatures
  3 hydras
  Harold (D:7)
  A catoblepas (D:13)
  3 centaur warriors
  3 two-headed ogres
  4 death yaks (D:11)
  3 unseen horrors
  Pikel (D:6)
  3 cyclopes (D:14)
  4 ugly things
  A deep elf mage (D:13)
  A gargoyle (D:12)
  A freezing wraith (D:14)
  3 meliai (D:14)
  2 trolls
  A blink frog (shapeshifter) (D:14)
  Grinder (D:6)
  A vampire (D:13)
  A wraith (D:13)
  17 humans
  A human (shapeshifter) (D:14)
  A vampire mosquito (D:14)
  A soldier ant (D:10)
  An acid dragon (D:15)
  2 sky beasts
  An ice beast (shapeshifter) (D:13)
  A black bear (D:7)
  10 orc warriors
  4 phantoms
  4 ice beasts
  A boggart (D:14)
  A hornet zombie (D:14)
  An ogre (D:10)
  9 centaurs
  A necrophage (D:11)
  6 big kobolds
  12 bullfrogs
  A wyvern zombie (D:9)
  5 scorpions
  A wyvern skeleton (D:14)
  15 killer bees
  15 wights
  7 howler monkeys
  5 bullfrog zombies
  A centaur zombie (D:5)
  3 jellies
  A quasit (D:11)
  2 centaur skeletons
  8 hounds
  11 orc priests
  2 bullfrog skeletons
  23 orc wizards
  3 iguanas
  9 worker ants
  2 killer bee zombies (D:6)
  2 hound zombies
  A hound skeleton (D:8)
  Robin (D:4)
  4 gnolls
  11 adders
  2 shadow imps
  6 white imps
  An ufetubus (D:7)
  An adder skeleton (D:6)
  5 worms
  3 leopard geckos
  51 orcs
  2 ball pythons
  3 giant cockroaches
  13 hobgoblins
  12 jackals
  6 quokkas
  3 bats
  5 frilled lizards
  9 goblins
  33 kobolds
  A leopard gecko skeleton (D:4)
  11 rats
412 creatures vanquished.

Vanquished Creatures (collateral kills)
  An orc knight (D:14)
  2 ugly things (D:15)
  A manticore (D:14)
  A centaur zombie (D:15)
  A kobold demonologist (D:15)
  An orc warrior (D:12)
  A hound (D:14)
  A jelly (D:14)
  An orc (D:12)
  3 kobolds (D:12)
13 creatures vanquished.

Vanquished Creatures (others)
  An orc knight (Bailey)
  2 flying skulls (D:15)
  A centaur zombie (D:14)
  2 orc wizards
  A meliai zombie (D:14)
  A mummy (D:14)
  A two-headed ogre zombie (D:14)
  A vampire mosquito zombie (D:14)
  A cyclops zombie (D:14)
  6 human zombies (D:14)
  A quokka (D:3)
  A hound zombie (D:14)
  A kobold (D:11)
  4 fungi (D:13)
  A plant (D:13)
25 creatures vanquished.

Grand Total: 450 creatures vanquished

Notes
Turn   | Place    | Note
-------+----------+-------------------------------------------
     0 | D:1      | Morbidden the Demonspawn Fighter began the quest for the
                  | Orb.
     0 | D:1      | Reached XP level 1. HP: 18/18 MP: 1/1
   523 | D:1      | Gained mutation: When hurt, damage is shared between your
                  | health and your magic reserves. [demonic ancestry]
   523 | D:1      | Reached XP level 2. HP: 19/24 MP: 2/2
  1031 | D:2      | HP: 1/24 [shadow imp/nerve-wracking pain (3)]
  1057 | D:2      | Learned a level 1 spell: Beastly Appendage
  1127 | D:1      | Gained mutation: You regenerate a little health from kills.
                  | [demonic ancestry]
  1127 | D:1      | Reached XP level 3. HP: 28/29 MP: 3/3
  1446 | D:2      | Found a faded altar of an unknown god.
  2092 | D:3      | Found a white marble altar of Elyvilon.
  2375 | D:2      | Gained mutation: You are partially covered in rugged brown
                  | scales. (AC +1, +3% HP) [demonic ancestry]
  2375 | D:2      | Reached XP level 4. HP: 24/36 MP: 3/5
  2900 | D:2      | Reached skill level 1 in Transmutations
  4046 | D:4      | Reached skill level 1 in Dodging
  4046 | D:4      | Reached skill level 1 in Spellcasting
  4046 | D:4      | Gained mutation: You regenerate magic rapidly. [demonic
                  | ancestry]
  4046 | D:4      | Reached XP level 5. HP: 42/42 MP: 4/6
  4474 | D:4      | Noticed Robin
  4512 | D:4      | Reached XP level 6. HP: 48/49 MP: 8/8
  4516 | D:4      | Killed Robin
  4580 | D:4      | Reached skill level 1 in Short Blades
  5457 | D:5      | Entered Level 5 of the Dungeon
  5536 | D:5      | Found a runed translucent door.
  5537 | D:5      | Noticed Crazy Yiuf
  5577 | D:5      | Gained mutation: You are mostly covered in rugged brown
                  | scales. (AC +2, +5% HP) [demonic ancestry]
  5577 | D:5      | Reached XP level 7. HP: 43/57 MP: 8/10
  5691 | D:5      | Found a bloodstained altar of Trog.
  6465 | D:6      | Noticed Pikel
  6505 | D:6      | Killed Pikel
  6506 | D:6      | Reached skill level 5 in Fighting
  6506 | D:6      | Gained mutation: You have sharp toenails. [demonic
                  | ancestry]
  6506 | D:6      | Reached XP level 8. HP: 59/65 MP: 12/12
  6610 | D:6      | Noticed Grinder
  6619 | D:6      | Paralysed by Grinder for 4 turns
  6639 | D:6      | Killed Grinder
  6988 | D:6      | Reached skill level 5 in Shields
  7027 | D:6      | Found a staircase to the Ecumenical Temple.
  7091 | Temple   | Entered the Ecumenical Temple
  7234 | Temple   | Became a worshipper of Yredelemnul the Dark
  7329 | D:6      | Reached XP level 9. HP: 50/72 MP: 13/15
  7546 | D:6      | Reached skill level 1 in Invocations
  7559 | D:6      | Reached skill level 5 in Armour
  7925 | D:7      | Reached skill level 1 in Stealth
  8024 | D:7      | Noticed Harold
  8055 | D:7      | Killed Harold
  8056 | D:7      | Reached skill level 2 in Invocations
  8291 | D:7      | Found a white marble altar of Elyvilon.
  8380 | D:7      | Reached * piety under Yredelemnul
  8425 | D:7      | Reached skill level 3 in Invocations
  8702 | D:7      | Identified the +6 long sword "Asiusaor" {drain, Dex+2 SInv}
                  | (You found it on level 7 of the Dungeon)
  8751 | D:8      | Found a shadowy altar of Dithmenos.
  9300 | D:8      | Reached XP level 10. HP: 69/80 MP: 15/17
  9502 | D:8      | Reached skill level 5 in Spellcasting
  9616 | D:8      | Found a hazy altar of Hepliaklqana.
 10104 | D:8      | Noticed a two-headed ogre
 10114 | D:8      | Killed a two-headed ogre
 10458 | D:8      | Reached skill level 4 in Invocations
 10827 | D:9      | Found a flagged portal.
 10837 | Bailey   | Entered a bailey
 10955 | Bailey   | Reached ** piety under Yredelemnul
 11071 | Bailey   | Noticed an orc knight
 11140 | Bailey   | Got a brightly glowing scale mail
 11151 | Bailey   | Identified the +7 scale mail of the Dwarven Hall {*Contam
                  | Str+5} (You found it in a bailey)
 11153 | Bailey   | Got agate-encrusted fire dragon scales
 11154 | Bailey   | Identified the +3 fire dragon scales of the Stars {rF++ rC-
                  | Str+2 SInv} (You found it in a bailey)
 11435 | D:9      | Reached skill level 5 in Invocations
 11935 | D:10     | Entered Level 10 of the Dungeon
 11978 | D:10     | Reached skill level 5 in Dodging
 11981 | D:10     | Reached *** piety under Yredelemnul
 12112 | D:10     | Received a gift from Yredelemnul (a mummy)
 12356 | D:10     | Reached skill level 6 in Invocations
 12470 | D:11     | Noticed an unseen horror
 12483 | D:11     | Reached XP level 11. HP: 87/88 MP: 17/19
 12486 | D:11     | Killed an unseen horror
 12543 | D:11     | Found Ysebamel's Armour Boutique.
 12551 | D:11     | Reached **** piety under Yredelemnul
 12599 | D:11     | Noticed a death yak
 12599 | D:11     | Noticed a death yak
 12601 | D:11     | Noticed a death yak
 12602 | D:11     | Noticed a death yak
 12656 | D:11     | Killed a death yak
 12664 | D:11     | Killed a death yak
 12665 | D:11     | Reached skill level 5 in Long Blades
 12669 | D:11     | Killed a death yak
 12675 | D:11     | Killed a death yak
 12701 | D:11     | Found a staircase to the Lair.
 12900 | D:11     | Reached skill level 7 in Invocations
 12902 | D:11     | Reached skill level 5 in Transmutations
 12909 | D:11     | Got a brightly glowing buckler
 12920 | D:11     | Identified the +2 buckler "Qokah" {Harm Rampage *Corrode
                  | rN+} (You found it on level 11 of the Dungeon)
 13356 | D:12     | Found Qagass's Book Shoppe.
 13421 | D:12     | Received a gift from Yredelemnul (a mummy)
 13437 | D:12     | Noticed a red ugly thing
 13439 | D:12     | Found a staircase to the Orcish Mines.
 13445 | D:12     | Killed a red ugly thing
 13558 | D:12     | Found a shimmering altar of Xom.
 13767 | D:12     | Identified the +1 chain mail of Imperfection {rC+ Str+4
                  | Stlth-} (You found it on level 12 of the Dungeon)
 13783 | D:12     | Received a gift from Yredelemnul (a mummy)
 14297 | D:13     | Noticed a centaur warrior
 14309 | D:13     | Killed a centaur warrior
 14310 | D:13     | Reached skill level 1 in Maces & Flails
 14323 | D:13     | Noticed a catoblepas
 14345 | D:13     | Killed a catoblepas
 14426 | D:13     | Found a runed translucent door.
 14427 | D:13     | Noticed EiAlmux's ghost (journeyman TeCj)
 14428 | D:13     | Identified the +6 hunting sling of Baddad {vorpal, rN+
                  | Int-3 SInv}
 14428 | D:13     | Noticed a spriggan rider
 14428 | D:13     | Identified the cursed +0 spear of Exhibitionism {freeze,
                  | rElec rF+}
 14428 | D:13     | Noticed a spriggan rider
 14490 | D:13     | Gained mutation: You regenerate health from kills. [demonic
                  | ancestry]
 14490 | D:13     | Reached XP level 12. HP: 41/96 MP: 9/22
 14913 | D:13     | Noticed a four-headed hydra
 14926 | D:13     | Killed a four-headed hydra
 15557 | D:14     | Found a gate to the Vaults.
 15557 | D:14     | Noticed an eight-headed hydra
 15557 | D:14     | Noticed a centaur warrior
 15557 | D:14     | Noticed a two-headed ogre
 15584 | D:14     | Killed a centaur warrior
 15589 | D:14     | Killed an eight-headed hydra
 15590 | D:14     | Reached skill level 8 in Invocations
 15594 | D:14     | Reached skill level 1 in Evocations
 15611 | D:14     | Reached ***** piety under Yredelemnul
 15633 | D:14     | Received a gift from Yredelemnul (a mummy)
 15645 | D:14     | Killed a two-headed ogre
 15677 | D:14     | Noticed an eight-headed hydra
 15686 | D:14     | Killed an eight-headed hydra
 15808 | D:14     | Noticed a two-headed ogre
 15826 | D:14     | Noticed a centaur warrior
 15833 | D:14     | Killed a two-headed ogre
 15841 | D:14     | Killed a centaur warrior
 15842 | D:14     | Reached skill level 5 in Maces & Flails
 16058 | D:14     | Reached XP level 13. HP: 97/103 MP: 24/24
 16123 | D:14     | Reached skill level 9 in Invocations
 16143 | D:14     | Found a portal to a secret trove of treasure.
 16363 | D:14     | Gained mutation: Armour fits poorly on your strangely
                  | shaped body. [potion of mutation]
 16363 | D:14     | Gained mutation: Your flesh is cold resistant. (rC+)
                  | [potion of mutation]
 16363 | D:14     | Gained mutation: Your spells are a little harder to cast,
                  | but a little more powerful. [potion of mutation]
 16364 | D:14     | Lost mutation: Your spells are a little harder to cast, but
                  | a little more powerful. [potion of mutation]
 16364 | D:14     | Lost mutation: Your flesh is cold resistant. (rC+) [potion
                  | of mutation]
 16364 | D:14     | Lost mutation: Armour fits poorly on your strangely shaped
                  | body. [potion of mutation]
 16364 | D:14     | Gained mutation: Your body sometimes deteriorates upon
                  | taking damage. [potion of mutation]
 16364 | D:14     | Gained mutation: You are robust. (+10% HP) [potion of
                  | mutation]
 16462 | D:14     | Found a blossoming altar of Fedhas.
 16560 | D:15     | Entered Level 15 of the Dungeon
 16568 | D:15     | Received a gift from Yredelemnul (2 flying skulls)
 16907 | D:15     | Noticed a fire dragon
 16907 | D:15     | Noticed a fire dragon
 16913 | D:15     | Found a staircase to the Depths.
 16915 | D:15     | Killed from afar by a fire dragon

Illustrated notes

Levels and vault maps discovered:
D:1:      dpeg_arrival_ratfight, layout_basic, st_stairs_12
D:2:      layout_rooms, chequers_ecumenical_altar_grove
D:3:      layout_rooms, st_stairs_10, elyvilon_altar_4
D:4:      layout_loops_ring, kennysheep_generic_room_3, uniq_robin
D:5:      layout_basic, trog_butcher_becter, uniq_crazy_yiuf_cottage
D:6:      layout_basic, minmay_temple_entry_offerings, minivault_14,
          lightli_corner_chamber, uniq_pikel, uniq_grinder
D:7:      layout_basic, lemuel_crystal_altar, corexii_leaking_fountain,
          uniq_harold
D:8:      layout_layer_cave, basic_altar, grunt_dithmenos_smoke
D:9:      layout_long_grid, enter_bailey_8
D:10:     layout_rooms, corexii_corridor_pit
D:11:     layout_roguey, dpeg_lair_monsters, serial_shops, shop
D:12:     layout_loops_corners, erik_orc_4, serial_shops, shop, basic_altar
D:13:     layout_basic, ebering_ghost_funeral_grove, serial_corexii_hall,
          chequers_hall_statues_y, corexii_hall_statues_x, grunt_decor_fettered
D:14:     layout_rooms, david_vaults_3, nicolae_trove_entry_isolated,
          fedhas_altar_2, minmay_fractal_squares_5
D:15:     grunt_enter_depths_hoard, layout_irregular_city, st_stairs_1,
          chequers_serial_rivers_micro_d, chequers_serial_rivers_large_a,
          uniq_jorgrun
Temple:   dpeg_three_leaves_temple

Skill      XL: |  1  2  3  4  5  6  7  8  9 10 11 12 13 |
---------------+----------------------------------------+-----
Long Blades    | 2 3 4 5 |  5.9
Armour         | 3 4 5 6 7 |  7.2
Shields        | 3 4 5 6 7 |  7.7
Transmutations | 1 2 3 4 5 6 |  6.6
Dodging        | 1 3 4 5 6 7 |  7.0
Spellcasting   | 1 2 3 4 5 6 7 |  7.7
Fighting       | 4 5 6 7 8 |  8.8
Short Blades   | 1 2 3 |  3.4
Invocations    | 3 6 7 8 9 |  9.1
Stealth        | 1 |  1.7
Maces & Flails | 1 5 |  5.4
Evocations     | 1 |  1.2

Action                   |  1- 3 |  4- 6 |  7- 9 | 10-12 | 13-15 || total
-------------------------+-------+-------+-------+-------+-------++-------
Melee: Long sword        |   173 |    78 |    28 |   418 |       ||   697
       Dagger            |       |   202 |   426 |       |       ||   628
       Kick              |       |       |    92 |   205 |       ||   297
       Demon whip        |       |       |       |   344 |    63 ||   407
Throw: Dart              |       |     3 |       |       |       ||     3
Invok: Animate Remains   |       |       |       |     1 |       ||     1
       Animate Dead      |       |       |       |     6 |     2 ||     8
Evoke: Wand              |       |       |     4 |    20 |       ||    24
       Lightning rod     |       |       |       |     4 |       ||     4
       Box of beasts     |       |       |       |     1 |       ||     1
  Use: Potion            |     2 |       |     1 |       |    11 ||    14
       Scroll            |       |     3 |     6 |    10 |       ||    19
Armor: Scale mail        |   116 |   108 |   229 |   405 |    20 ||   878
Dodge: Dodged            |    66 |    92 |   190 |   395 |    22 ||   765
Block: Kite shield       |   107 |   131 |   246 |   634 |    31 ||  1149
       Reflection        |       |       |       |    18 |       ||    18
       Rpst.: Long sword |    25 |     6 |    34 |    56 |       ||   121

Table legend: (Time is in decaauts)
 A = Elapsed time spent in this place.
 B = Non-inter-level travel time spent in this place.
 C = Inter-level travel time spent in this place.
 D = Time resting spent in this place.
 E = Time spent auto-exploring this place.
 F = Levels seen in this place.
 G = Mean time per level.
                   A        B        C        D        E       F      G
               +--------+--------+--------+--------+--------+-----+--------+
         Total |  17065 |  16405 |    660 |   2660 |   9663 |  17 | 1003.8 |
       Dungeon |  16472 |  15812 |    660 |   2600 |   9488 |  15 | 1098.1 |
        Temple |    157 |    157 |      0 |      0 |     69 |   1 |  157.0 |
        Bailey |    435 |    435 |      0 |     60 |    106 |   1 |  435.0 |
               +--------+--------+--------+--------+--------+-----+--------+

Top non-repeatable levels by time:
     D:2: 1769 daAuts
     D:7: 1567 daAuts
     D:1: 1555 daAuts
     D:4: 1476 daAuts
     D:8: 1304 daAuts
    D:13: 1282 daAuts
    D:14: 1178 daAuts
     D:6: 1077 daAuts
     D:5: 993 daAuts
     D:9: 965 daAuts
    D:12: 950 daAuts
    D:11: 905 daAuts
     D:3: 754 daAuts
    D:10: 548 daAuts
  Bailey: 435 daAuts
